 Dungeon Crawl Stone Soup version 0.25-a0-1137-g7f6bfe439b (webtiles) character file.

Game seed: 15275563740212009302, levelgen mode: deterministic

88 jt the Carver (level 4, -1/34 HPs)
             Began as a Gnoll Wanderer on May 23, 2020.
             Slain by a gnoll
             ... wielding a +0 club
              (8 damage)
             ... on level 1 of the Dungeon.
             The game lasted 00:06:06 (2584 turns).

jt the Carver (Gnoll Wanderer)                      Turns: 2584, Time: 00:06:06

Health: -1/34      AC:  3    Str: 14    XL:     4   Next: 54%
Magic:  11/11      EV: 12    Int: 14    God:
Gold:   121        SH:  0    Dex: 16    Spells: 13/13 levels left

rFire    . . .     SeeInvis .   a - +2 falchion
rCold    . . .     Gourm    .   (no shield)
rNeg     . . .     Faith    .   d - +0 robe
rPois    .         Spirit   .   (no helmet)
rElec    .         Reflect  .   (no cloak)
rCorr    .         Harm     .   y - +0 pair of gloves
MR       .....                  (no boots)
Stlth    ++........             (no amulet)
HPRegen  0.11/turn              (no ring)
MPRegen  0.12/turn              (no ring)

@: no status effects
A: distributed training, fangs 1, strong nose
a: no special abilities


You were on level 1 of the Dungeon.
You were very hungry.

You visited 1 branch of the dungeon, and saw 3 of its levels.

You collected 121 gold pieces.

Inventory:

Hand Weapons
 a - a +2 falchion (weapon)
 b - a +0 spear
 r - a cursed -3 trident
 s - a +0 hunting sling
Missiles
 i - 58 stones (quivered)
 m - 50 bolts
 o - 74 arrows
Armour
 d - a +0 robe (worn)
 l - a +0 ring mail
 y - a +0 pair of gloves (worn)
Jewellery
 z - an uncursed ring of see invisible {unknown}
Wands
 c - a wand of random effects (15)
Scrolls
 h - a scroll of remove curse {unknown}
 j - a scroll of identify {unknown}
 k - a scroll of magic mapping {unknown}
 t - a scroll of amnesia {unknown}
 u - a scroll of blinking {unknown}
 w - a scroll of teleportation
Potions
 e - 3 potions of might {unknown}
 n - a potion of curing {unknown}
 p - a potion of magic {unknown}
 q - a potion of degeneration {unknown}
 v - a potion of haste {unknown}
 x - a potion of stabbing {unknown}
Comestibles
 f - 2 rations


   Skills:
 + Level 2.7 Fighting
 + Level 1.1 Short Blades
 + Level 8.5 Long Blades
 + Level 1.1 Axes
 + Level 1.1 Maces & Flails
 + Level 1.1 Polearms
 + Level 1.1 Staves
 + Level 1.1 Slings
 + Level 1.1 Bows
 + Level 1.1 Crossbows
 + Level 2.7 Throwing
 + Level 1.1 Armour
 + Level 1.1 Dodging
 + Level 1.1 Stealth
 + Level 1.1 Shields
 + Level 1.1 Unarmed Combat
 + Level 5.1 Spellcasting
 + Level 0.9 Conjurations
 + Level 0.9 Hexes
 + Level 0.9 Charms
 + Level 0.9 Summonings
 + Level 0.9 Necromancy
 + Level 0.9 Translocations
 + Level 0.9 Transmutations
 + Level 0.9 Fire Magic
 + Level 0.9 Ice Magic
 + Level 0.9 Air Magic
 + Level 2.2 Earth Magic
 + Level 0.9 Poison Magic
 + Level 1.2 Invocations
 + Level 2.7 Evocations


You had 13 spell levels left.
You didn't know any spells.
Your spell library was empty.

Dungeon Overview and Level Annotations

Branches:
Dungeon (3/15)

Altars:


Innate Abilities, Weirdness & Mutations

Your experience applies equally to all skills.
You have very sharp teeth.
Your uncanny sense of smell can sniff out nearby items.


Message History

You struggle against the net.
The gnoll hits you with a +0 club. The gnoll closely misses you.
You riposte.
You completely miss the gnoll. You shred the net and break free!
The gnoll hits you with a +0 club. x2
The gnoll misses you. The gnoll hits you with a +0 club.
* * * LOW HITPOINT WARNING * * *
You climb upwards.
There is a stone staircase leading down here.
The gnoll closely misses you.
There is a stone staircase leading up here.
The gnoll hits you with a +0 club.
* * * LOW HITPOINT WARNING * * *
You climb upwards.
There is a stone staircase leading down here.
You hit the gnoll.
The gnoll is moderately wounded.
The gnoll misses you.
You hit the gnoll.
The gnoll is heavily wounded.
The gnoll hits you with a +0 club!
You die...

.#########.# .#
#.# .# #.# .# #.#
.# #.# ## #.# .#
#.#
.#########.#######
...............g@#
.######.##########
....# #.# ###.#
#.# ###.# #.#
#...# #.# #.###
#.# #.## #.#
...####.#


You could see a gnoll.

Vanquished Creatures
  An adder (D:2)
  A worm (D:2)
  2 dart slugs (D:1)
  2 leopard geckos (D:1)
  6 giant cockroaches
  8 goblins
  7 hobgoblins
  12 jackals (D:1)
  7 bats
  2 frilled lizards
  5 kobolds
  9 rats
62 creatures vanquished.

Notes
Turn   | Place    | Note
-------+----------+-------------------------------------------
     0 | D:1      | jt the Gnoll Wanderer began the quest for the Orb.
     0 | D:1      | jt set off with the following items: a +2 falchion, a +0
                  | spear, a wand of random effects (15), a +0 robe, a ration
     0 | D:1      | Reached XP level 1. HP: 17/17 MP: 6/6
   146 | D:1      | Reached XP level 2. HP: 3/23 MP: 7/7
   518 | D:1      | Reached XP level 3. HP: 25/28 MP: 9/9
   775 | D:1      | Reached skill level 5 in Spellcasting
   927 | D:1      | Reached skill level 1 in Invocations
  1213 | D:1      | Reached skill level 1 in Short Blades
  1213 | D:1      | Reached skill level 1 in Axes
  1213 | D:1      | Reached skill level 1 in Maces & Flails
  1213 | D:1      | Reached skill level 1 in Polearms
  1213 | D:1      | Reached skill level 1 in Staves
  1213 | D:1      | Reached skill level 1 in Slings
  1213 | D:1      | Reached skill level 1 in Bows
  1213 | D:1      | Reached skill level 1 in Crossbows
  1213 | D:1      | Reached skill level 1 in Armour
  1213 | D:1      | Reached skill level 1 in Dodging
  1213 | D:1      | Reached skill level 1 in Stealth
  1213 | D:1      | Reached skill level 1 in Shields
  1213 | D:1      | Reached skill level 1 in Unarmed Combat
  1333 | D:1      | Reached XP level 4. HP: 34/34 MP: 11/11
  2584 | D:1      | Slain by a gnoll

Illustrated notes

Levels and vault maps discovered:
D:1:      dpeg_arrival_subterranean_lakeside_camping, layout_basic,
          minmay_tall_x
D:2:      layout_basic
D:3:      layout_basic, first_ration, minmay_diced_spiral

Skill      XL: |  1  2  3 |
---------------+----------+-----
Earth Magic    | 2 |  2.2
Spellcasting   | 5 |  5.1
Invocations    | 1 |  1.2
Short Blades   | 1 |  1.1
Axes           | 1 |  1.1
Maces & Flails | 1 |  1.1
Polearms       | 1 |  1.1
Staves         | 1 |  1.1
Slings         | 1 |  1.1
Bows           | 1 |  1.1
Crossbows      | 1 |  1.1
Armour         | 1 |  1.1
Dodging        | 1 |  1.1
Stealth        | 1 |  1.1
Shields        | 1 |  1.1
Unarmed Combat | 1 |  1.1
Fighting       | |  2.7
Long Blades    | |  8.5
Throwing       | |  2.7
Conjurations   | |  0.9
Hexes          | |  0.9
Charms         | |  0.9
Summonings     | |  0.9
Necromancy     | |  0.9
Translocations | |  0.9
Transmutations | |  0.9
Fire Magic     | |  0.9
Ice Magic      | |  0.9
Air Magic      | |  0.9
Poison Magic   | |  0.9
Evocations     | |  2.7

Action                   |  1- 3 |  4- 6 || total
-------------------------+-------+-------++-------
Melee: Falchion          |    96 |    44 ||   140
       Bite              |    13 |     4 ||    17
       Punch             |     1 |     2 ||     3
 Fire: Hunting sling     |       |     8 ||     8
Throw: Stone             |     5 |     3 ||     8
  Use: Scroll            |     1 |       ||     1
 Stab: Sleeping          |     2 |     3 ||     5
  Eat: Chunk             |     1 |     3 ||     4
Armor: Robe              |    19 |     6 ||    25
Dodge: Dodged            |    58 |    25 ||    83
       Rpst.: Falchion   |    16 |     7 ||    23

Table legend:
 A = Non-vault XP
 B = Vault XP
 C = Vault XP percentage of total XP
 D = Non-vault monster count
 E = Vault monster count
 F = Vault count percentage of total count
                 A         B        C        D         E       F
            +---------+---------+-------+---------+---------+-------
      Total |     113 |      14 |  11.0 |      52 |      10 |  16.1
            +---------+---------+-------+---------+---------+-------
        D:1 |      68 |      14 |  17.1 |      32 |      10 |  23.8
        D:2 |      43 |       0 |   0.0 |      19 |       0 |   0.0
        D:3 |       2 |       0 |   0.0 |       1 |       0 |   0.0
            +---------+---------+-------+---------+---------+-------
